 Dungeon Crawl Stone Soup version 0.29.1-13-g9f3cf754e1 (webtiles) character file.

Game seed: 16378811299535890541

364 booth the Chopper (level 6, -6/47 HPs)
             Began as a Demonspawn Gladiator on Jan 19, 2023.
             Was an Initiate of Hepliaklqana.
             Mangled by Pikel
             ... wielding a +2 whip of freezing
              (7 damage)
             ... on level 4 of the Dungeon.
             The game lasted 00:23:23 (3728 turns).

booth the Chopper (Demonspawn Gladiator)            Turns: 3728, Time: 00:23:24

Health: -6/47      AC: 16    Str: 16    XL:     6   Next: 39%
Magic:  6/6        EV: 13    Int:  9    God:    Hepliaklqana [......]
Gold:   242        SH:  0    Dex: 21    Spells: 5/5 levels left

rFire   . . .      SeeInvis .   a - +1 war axe (protect)
rCold   . . .      Faith    .   (no shield)
rNeg    + . .      Spirit   .   n - +3 leather armour
rPois   .          Reflect  .   c - +1 helmet
rElec   .          Harm     .   (no cloak)
rCorr   .          Rampage  .   (no gloves)
Will    .....                   (boots unavailable)
Stlth   ++........              (no amulet)
HPRegen 0.15/turn               b - ring of positive energy
MPRegen 0.10/turn               m - +6 ring of dexterity

@: weak-willed, under a protective aura
A: hooves 3, rugged brown scales 1
a: Renounce Religion


You were on level 4 of the Dungeon.
You worshipped Hepliaklqana.
Hepliaklqana was noncommittal.
You visited 1 branch of the dungeon, and saw 4 of its levels.

You collected 242 gold pieces.

Inventory:

Hand Weapons
 a - a +1 war axe of protection (weapon)
 p - the +6 dagger "Gases" {flame, rCorr Str+3 Dex-3}
   (You found it on level 2 of the Dungeon)

   It burns those it strikes, dealing additional fire damage.
   Str:       It affects your strength (+3).
   Dex:       It affects your dexterity (-3).
   rCorr:     It protects you from acid and corrosion.
 u - a +0 mace of draining
 v - a +0 hand axe of flaming
Missiles
 d - 2 throwing nets (quivered)
 e - a javelin
 o - 16 boomerangs
Armour
 c - a +1 helmet (worn)
 g - a +0 kite shield
 j - a +2 ring mail of cold resistance
 n - a +3 leather armour (worn)
Jewellery
 b - a ring of positive energy (left hand)
 m - a +6 ring of dexterity (right hand)
 r - an amulet of magic regeneration
Scrolls
 f - a scroll of amnesia
 i - 3 scrolls of fog
 l - a scroll of magic mapping
 q - 2 scrolls of poison
Potions
 h - 2 potions of mutation


   Skills:
 + Level 2.7 Fighting
 * Level 5.3 Axes
 + Level 1.8 Throwing
 + Level 2.3 Armour
 + Level 3.2 Dodging
 + Level 0.7 Stealth


You had 5 spell levels left.
You didn't know any spells.
Your spell library contained the following spells:

 Spells                   Type           Power      Damage    Failure   Level
 Ozocubu's Armour         Ice            0%         N/A       82%         3
 Metabolic Englaciation   Hex/Ice        0%         N/A       100%        5
 Simulacrum               Ice/Necr       0%         N/A       100%        6


Dungeon Overview and Level Annotations

Branches:
Dungeon (4/15)
 Temple: D:4-7

Altars:
Ashenzari
Cheibriados
Fedhas
Hepliaklqana

Annotations:
D:4 Natasha, Pikel


Innate Abilities, Weirdness & Mutations

You have hooves in place of feet.
You are partially covered in rugged brown scales. (AC +1, +3% HP)


Message History

The orc priest looks satisfied for a moment.
You hit the lemure.
The lemure is almost dead.
You slash the endoplasm!
You kill the endoplasm!
The lemure is engulfed in poison gas.
The lemure looks even sicker.
The lemure hits you.
You hit the lemure but do no damage.
The lemure is almost dead.
You barely miss the lemure.
The lemure is engulfed in poison gas.
The lemure looks as sick as possible!
The lemure barely misses you.
The orc priest mumbles some strange prayers to Beogh against you.
Beogh smites you!
* * * LOW HITPOINT WARNING * * *
The lemure closely misses you.
You hit the lemure but do no damage.
The lemure is almost dead.
You hit the lemure.
The orc priest looks satisfied for a moment.
The lemure is engulfed in poison gas.
The lemure looks as sick as possible!
The lemure hits you.
* * * LOW HITPOINT WARNING * * *
As you read the scroll labelled MENASO YMIKHLO, it crumbles to dust.
Magic quickly surges around you.
It was a scroll of vulnerability.
Pikel looks more healthy.
The lemure looks as sick as possible!
The lemure hits you.
* * * LOW HITPOINT WARNING * * *
As you read the scroll labelled IMYSIC PYTOECS, it crumbles to dust.
It is a scroll of brand weapon.
Your +1 war axe projects an invisible shield of force!
a - a +1 war axe of protection (weapon)
You kill the lemure!
That felt strangely unrewarding.
Pikel hits you but does no damage.
Natasha mumbles some strange words.
Natasha glows brightly for a moment.
You slash Pikel!
Your weapon exudes an aura of protection.
Pikel is moderately wounded.
Pikel hits you with a +2 whip of freezing!
You die...

≈≈≈≈≈.......#
≈≈_≈°§#○#°.##
≈≈.≈≈☼#.○..#
≈≈[≈≈☼#☼.#.#
≈≈.≈≈.§.°# .
≈...≈.○5○# #
≈.8.≈.5h§#
..... #K○#
...#. #@.#
....§☼)☼☼#
°§§°☼§○#°#
°°.§.§§ ##
§§○o○○☼
§§.o.§§
§.o°§§§
○§°°§§☼


You could see Pikel (weak-willed), 2 lemures, an orc priest (weak-willed),
Natasha (weak-willed) and 2 orcs.

Vanquished Creatures
  A lemure (D:4)
  A scorpion (D:2)
  3 orc priests (D:3)
  3 orc wizards (D:3)
  A gnoll (D:1)
  4 adders
  A worm (D:2)
  2 dart slugs
  12 orcs
  7 ball pythons
  10 endoplasms
  3 giant cockroaches (D:2)
  7 goblins
  6 hobgoblins
  7 jackals
  6 kobolds
  A quokka (D:2)
  6 bats
  4 frilled lizards
  7 rats
92 creatures vanquished.

Vanquished Creatures (others)
  A kobold (D:4)
1 creature vanquished.

Grand Total: 93 creatures vanquished

Notes
Turn   | Place    | Note
-------+----------+-------------------------------------------
     0 | D:1      | booth the Demonspawn Gladiator began the quest for the Orb.
     0 | D:1      | Reached XP level 1. HP: 16/16 MP: 1/1
   517 | D:1      | Gained mutation: You have large cloven feet. [demonic
                  | ancestry]
   517 | D:1      | Reached XP level 2. HP: 19/22 MP: 2/2
   529 | D:1      | Reached skill level 3 in Axes
   894 | D:1      | Reached XP level 3. HP: 27/27 MP: 3/3
  1472 | D:2      | Noticed a scorpion
  1505 | D:2      | Killed a scorpion
  1506 | D:2      | Reached skill level 1 in Armour
  1506 | D:2      | Gained mutation: You have hoof-like feet. [demonic
                  | ancestry]
  1506 | D:2      | Reached XP level 4. HP: 17/34 MP: 4/4
  1788 | D:2      | Found a faded altar of an unknown god.
  1842 | D:2      | Identified the +6 dagger "Gases" {flame, rCorr Str+3 Dex-3}
  1881 | D:2      | Reached skill level 4 in Axes
  2347 | D:3      | Gained mutation: You have hooves in place of feet. [demonic
                  | ancestry]
  2347 | D:3      | Reached XP level 5. HP: 34/39 MP: 5/5
  2457 | D:3      | Reached skill level 5 in Axes
  2457 | D:3      | Gained mutation: You are partially covered in rugged brown
                  | scales. (AC +1, +3% HP) [demonic ancestry]
  2457 | D:3      | Reached XP level 6. HP: 9/47 MP: 6/6
  2741 | D:3      | Found a hazy altar of Hepliaklqana.
  2741 | D:3      | Found a broken altar of Ashenzari.
  2764 | D:3      | Became a worshipper of Hepliaklqana the Forgotten
  2874 | D:3      | Found a snail-covered altar of Cheibriados.
  3700 | D:4      | Found a blossoming altar of Fedhas.
  3706 | D:4      | Noticed Natasha
  3707 | D:4      | Noticed Pikel
  3726 | D:4      | HP: 1/47 [lemure[Pikel] (2)]
  3728 | D:4      | Mangled by Pikel

Illustrated notes

Levels and vault maps discovered:
D:1:      minmay_arrival_three_doors, layout_loops_ring,
          wander_ebering_terrifying_dragon_lair
D:2:      minmay_door_path, layout_rooms, basic_ecumenical_altar
D:3:      layout_basic, mainiacjoe_overflow_cross_hatched,
          grunt_temple_overflow_open
D:4:      layout_basic, elyvilon_altar_4, mainiacjoe_overflow_catwalk,
          chequers_serial_rivers_micro_b, roderic_lattice_a, uniq_pikel,
          uniq_eustachio, uniq_natasha

Skill      XL: |  1  2  3  4  5 |
---------------+----------------+-----
Axes           | 3 4 5 |  5.3
Dodging        | 3 |  3.2
Armour         | 1 2 |  2.3
Fighting       | |  2.7
Throwing       | |  1.8
Stealth        | |  0.7

Action                   |  1- 3 |  4- 6 || total
-------------------------+-------+-------++-------
Melee: War axe           |    71 |   142 ||   213
       Kick              |    10 |    29 ||    39
Throw: Javelin           |     1 |     1 ||     2
       Throwing net      |     1 |       ||     1
  Use: Scroll            |     1 |    11 ||    12
       Potion            |       |     3 ||     3
 Stab: Sleeping          |     1 |     2 ||     3
Armor: Leather armour    |    22 |    57 ||    79
Dodge: Dodged            |    48 |    91 ||   139
